Map: Traitor's Exile

Players

Koelsch

  • Race: Terran Terran
  • Spawn Location: 9:00

Arthur

  • Race: Protoss Protoss
  • Spawn Location: 12:00

LOADBLASTER - Winner!

  • Race: Terran Terran
  • League: Grandmaster
  • Spawn Location: 5:00

PureLegacy - Winner!

  • Race: Terran Terran
  • Spawn Location: 6:00

VOD

Have the link to the VOD?

Description

Time

  • Played on: Nov. 30, 2018, 4:17 p.m.
  • Length: 4:48
Show
View Real Time Build Order
Export as new Build Order

Koelsch Terran 

Build Orders:  

Get SALT Encoding   

  12  0:00  SCV  
  13  0:12  SCV  
  14  0:20  Supply Depot  
  14  0:24  SCV  
  15  0:42  SCV  
  16  0:43  Barracks  
  16  0:47  Refinery  
  16  0:54  SCV  
  17  1:01  Barracks  
  17  1:06  SCV  
  18  1:18  SCV  
  19  1:31  Orbital Command  
  19  1:37  Reaper  
  19  1:38  Barracks  
  20  1:45  Refinery  
  20  1:54  Reaper  
  20  1:57  Supply Depot  
  20  2:01  SCV  
  22  2:13  Reaper  
  23  2:19  SCV  
  23  2:21  Supply Depot  
  24  2:26  Reaper  
  25  2:32  Reaper  
  25  2:36  SCV  
  27  2:45  Reaper  
  27  2:48  SCV  
  29  2:59  Reaper  
  29  3:01  Command Center  
  30  3:05  Reaper  
  30  3:07  SCV  
  32  3:17  Reaper  
  32  3:19  SCV  
  34  3:29  Factory  
  34  3:31  SCV  
  35  3:37  Engineering Bay  
  35  3:43  SCV  
  35  3:45  Supply Depot  
  37  3:54  Barracks Tech Lab  
  37  3:55  Barracks Reactor  
  36  3:57  SCV  
  36  3:59  Barracks Reactor  
  37  4:13  Factory Tech Lab  
  37  4:14  Marine  
  38  4:32  SCV  
Show
View Real Time Build Order
Export as new Build Order

Arthur Protoss 

Build Orders:  

Get SALT Encoding   

  12  0:00  Probe  
  13  0:13  Probe  
  14  0:21  Pylon  
  14  0:25  Probe  
  15  0:39  Probe  
  15  0:40  Gateway  
  16  0:50  Assimilator  
  16  0:52  Probe  
  17  1:06  Gateway  
  17  1:24  Probe  
  18  1:28  Cybernetics Core  
  18  1:36  Probe  
  18  1:39  Pylon  
  19  1:49  Probe  
  19  1:51  Warp Gate  
  20  1:54  Stalker x2  
  24  2:11  Probe  
  25  2:22  Assimilator  
  25  2:23  Pylon  
  25  2:29  Gateway  
  24  2:39  Gateway  
  24  3:12  Pylon  
  24  3:16  Stalker  
  26  3:34  Pylon  
  26  3:39  Probe, Pylon  
  27  3:54  Stalker  
  27  3:55  Stalker x3  
  35  4:01  Shield Battery  
  35  4:20  Stalker x2  
  39  4:24  Sentry  
  39  4:28  Sentry  
Show
View Real Time Build Order
Export as new Build Order

LOADBLASTER Terran - Winner!

Build Orders: Cyclone Opening 

Get SALT Encoding   

  12  0:00  SCV  
  13  0:12  SCV  
  14  0:19  Supply Depot  
  14  0:25  SCV  
  15  0:29  Refinery  
  15  0:41  SCV  
  16  0:47  Barracks  
  16  0:53  SCV  
  17  0:57  Refinery  
  17  1:05  SCV  
  18  1:17  SCV  
  19  1:35  Factory  
  19  1:36  Barracks Tech Lab  
  19  1:40  Orbital Command  
  19  1:51  Supply Depot  
  19  2:06  Factory  
  19  2:13  SCV  
  20  2:25  Cyclone, Barracks Tech Lab  
  23  2:30  SCV  
  24  2:42  SCV  
  25  2:51  Supply Depot  
  25  2:57  Cyclone  
  28  3:03  Cyclone  
  31  3:13  SCV  
  31  3:19  Mag-Field Accelerator  
  32  3:25  Supply Depot, SCV  
  33  3:38  Cyclone  
  33  3:40  Marine  
  37  3:44  Bunker  
  37  3:48  SCV  
  38  3:55  Engineering Bay  
  38  3:57  Cyclone  
  44  4:27  Missile Turret  
  44  4:30  Supply Depot  
Show
View Real Time Build Order
Export as new Build Order

PureLegacy Terran - Winner!

Build Orders: 1/1/1, Liberator Opening 

Get SALT Encoding   

  12  0:01  SCV  
  13  0:13  SCV  
  14  0:18  Supply Depot  
  14  0:25  SCV  
  15  0:31  Refinery  
  15  0:39  SCV  
  16  0:45  Barracks  
  16  0:51  SCV  
  16  0:56  Refinery  
  17  1:03  SCV  
  18  1:16  SCV  
  19  1:34  Orbital Command  
  19  1:35  Factory  
  19  1:37  Reaper  
  20  1:49  Supply Depot  
  20  2:00  SCV  
  21  2:09  Reaper  
  21  2:13  SCV  
  23  2:18  Starport  
  23  2:19  Hellion  
  25  2:26  Supply Depot  
  25  2:35  SCV  
  26  2:38  Liberator  
  26  2:40  Hellion  
  26  2:41  Barracks Tech Lab  
  31  3:00  Supply Depot  
  31  3:07  Supply Depot  
  31  3:21  SCV, Siege Tank  
  35  3:27  Barracks Reactor  
  35  3:31  Barracks Reactor  
  35  3:38  Viking  
  37  3:53  Siege Tank  
  40  3:56  Engineering Bay  
  40  4:09  Command Center  
Tags
 
Add a new tag
Caveats
  • Supply blocks, unpowered buildings, or Contaminate may cause inaccurate times.
  • Supply counts are checked every 10 seconds.